 Dungeon Crawl Stone Soup version 0.18-a0-916-gc496e2e (webtiles) character file.

120822 Proton the Carver (level 17, -3/138 HPs)
             Began as a Formicid Fighter on Dec 26, 2015.
             Was the Champion of Okawaru.
             Slain by a swamp worm (11 damage)
             ... on level 1 of the Swamp.
             The game lasted 01:11:36 (31752 turns).

Proton the Carver (Formicid Fighter)               Turns: 31752, Time: 01:11:36

Health: -3/138     AC: 26    Str: 24    XL:     17   Next: 38%
Magic:  24/24      EV: 10    Int: 10    God:    Okawaru [******]
Gold:   2095       SH: 16    Dex:  9    Spells: 0 memorised, 16 levels left

rFire  + . .     SeeInvis +     F - +8 triple sword (slice)
rCold  . . .     Gourm    .     r - +2 plate armour {rF+}
rNeg   . . .     Faith    .     J - +0 shield {rPois}
rPois  +         Spirit   .     (helmet unavailable)
rElec  .         Dismiss  .     B - +1 cloak {MR+}
rCorr  .         Reflect  +     A - +2 pair of gloves of Lies {Str+2}
SustAt .         Harm     .     (no boots)
MR     +++..                    C - +3 amulet of reflection
Stlth  ..........               S - +5 ring of evasion
                                D - ring of protection from magic

@: grasped by roots, very slow, extremely resistant to hostile enchantments,
extremely unstealthy
A: permanent stasis, dig shafts and tunnels, four strong arms, antennae 3,
hooves 2, icy blue scales 2, rough black scales 1, deformed body, weak 2,
evolution 1, subdued magic 1, MP-powered wands
a: Dig, Shaft Self, Heroism, Finesse, Renounce Religion


You were on level 1 of the Swamp.
You worshipped Okawaru.
Okawaru was exalted by your worship.
You were not hungry.

You visited 6 branches of the dungeon, and saw 28 of its levels.
You also visited: Labyrinth and Bailey.

You collected 2712 gold pieces.
You spent 617 gold pieces at shops.

Inventory:

Hand Weapons
 F - a +8 triple sword of slicing (weapon)
 R - a +4 scimitar of flaming
Armour
 j - the +6 large shield of Ignorance {rN+ AC+2 EV+2 Int-6 *Curse}
   (You found it on level 8 of the Lair of Beasts)

   It affects your AC (+2).
   It affects your evasion (+2).
   It affects your intelligence (-6).
   It protects you from negative energy.
   It may re-curse itself when equipped.
 r - a +2 plate armour of fire resistance (worn)
 A - the +2 pair of gloves of Lies (worn) {Str+2}
   (Okawaru gifted it to you on level 6 of the Lair of Beasts)

   It affects your strength (+2).
 B - a +1 cloak of magic resistance (worn)
 E - a fire dragon hide
 J - a +0 shield of poison resistance (worn)
Jewellery
 o - an uncursed ring of protection from fire
 C - a +3 amulet of reflection (around neck)
 D - a ring of protection from magic (left hand)
 S - a +5 ring of evasion (right hand)
Wands
 a - a wand of fireball (5/15)
Scrolls
 c - a scroll of identify
 g - 2 scrolls of enchant armour
 h - 2 scrolls of fear
 i - 3 scrolls of fog
 k - 9 scrolls of remove curse
 q - 4 scrolls of magic mapping
 s - 3 scrolls of noise
 t - 6 scrolls of recharging
 u - 5 scrolls of immolation
 w - 2 scrolls of amnesia
 x - a scroll of silence
 y - a scroll of vulnerability
 P - a scroll of holy word
 X - 2 scrolls of summoning
Potions
 d - 6 potions of might
 e - 5 potions of lignification
 l - 5 potions of magic
 m - 3 potions of invisibility
 n - a potion of heal wounds
 v - 2 potions of brilliance
 z - 12 potions of curing
 G - 9 potions of agility
 H - 5 potions of cure mutation
 I - 2 potions of ambrosia
 L - 4 potions of flight
 T - 2 potions of resistance
 W - 2 potions of cancellation
Comestibles
 b - 7 beef jerkies
 f - 6 bread rations
 p - 8 meat rations
 K - 6 royal jellies
 N - 32 fruits


   Skills:
 + Level 13.7 Fighting
 * Level 14.9 Long Blades
 + Level 13.6 Armour
 + Level 11.0 Dodging
 + Level 14.5 Shields
 - Level 10.5 Invocations


You had 16 spell levels left.
You didn't know any spells.

Dungeon Overview and Level Annotations

Branches:
Dungeon (15/15)            Temple (1/1) D:5            Lair (8/8) D:10
  Swamp (1/4) Lair:3       Spider (0/4) Lair:6        Slime (0/6) Lair:6
    Orc (2/2) D:12            Elf (0/3) Orc:2        Vaults (0/5) D:13
 Depths (1/5) D:15

Altars:
Ashenzari
Nemelex Xobeh
Okawaru
Pakellas
Qazlal
Ru
Sif Muna
Trog
Vehumet
Xom
Yredelemnul
Zin
The Shining One
Lugonu

Shops:
D:4 !   D:14 [   Orc:2 **([:

Portals:
Hell: Depths:1


Innate Abilities, Weirdness & Mutations

You are under a permanent stasis effect.
You can dig through walls and to a lower floor.
Your four strong arms can wield two-handed weapons with a shield.
You have a pair of large antennae on your head (SInv).
You have hoof-like feet.
You are mostly covered in icy blue scales (AC +3, EV -1).
You are partially covered in rough black scales (AC +4, Dex -1).
Armour fits poorly on your strangely shaped body.
You are very weak. (Str -4)
You evolve.
Your spells are a little easier to cast, but a little less powerful.
You expend magic power (3 MP) to strengthen your wands.


Message History

You block the swamp worm's attack. The slime creature barely misses you.
The swamp worm bites you but does no damage.
The slime creature hits you.
The swamp worm bites you but does no damage.
The slime creature completely misses you.
Two slime creatures merge to form a very large slime creature.
Two slime creatures merge to form an enormous slime creature.
You block the swamp worm's attack.
You slash the enormous slime creature!
You kick the enormous slime creature, but do no damage.
The enormous slime creature is moderately wounded.
You block the swamp worm's attack.
The enormous slime creature hits you!!!!
Ouch! That really hurt!
* * * LOW HITPOINT WARNING * * *
The swamp worm bites you!
* * * LOW HITPOINT WARNING * * *
The swamp worm bites you but does no damage.
The swamp worm bites you!
You die...

.♣ .≈≈≈. ≈.≈≈.≈≈.♣ ♣♣
≈....♣♣♣♣....≈≈≈♣♣ ♣♣♣♣
♣♣>.≈≈≈♣♣.≈..≈..≈.≈♣. ...♣
♣≈.≈≈≈.....≈≈..≈§.$≈≈
.≈≈♣♣♣.≈≈≈≈≈≈≈≈...≈≈≈≈≈≈≈≈
≈≈.≈≈..≈≈≈≈≈≈≈≈..≈≈≈≈≈≈≈≈≈
......≈≈≈≈≈≈≈≈....≈≈≈≈≈≈.≈
.♣♣♣...≈≈≈≈≈≈≈...w.≈≈≈..≈≈
♣♣♣♣≈..≈≈≈≈≈≈≈≈≈@Jwf.♣♣♣♣.
♣♣♣≈...≈≈≈≈≈≈..≈≈[≈♣♣♣♣
♣.≈≈≈...≈≈≈≈....≈≈....♣
♣.≈≈≈.≈..≈≈≈≈...≈≈.≈≈.♣♣♣
♣.≈≈.....≈...♣..≈≈≈≈≈≈.≈♣
≈.≈≈≈≈.........≈≈≈≈≈≈≈.♣♣
♣.≈≈≈§....≈≈....≈§≈≈..≈.♣
♣≈.≈≈.(.≈..≈≈♣≈......≈≈.♣
≈.≈≈≈..≈♣≈.≈.♣§.≈≈≈≈≈≈≈.♣


You could see a shambling mangrove, an enormous slime creature and 2 swamp
worms.

Vanquished Creatures
  Rupert (D:14)
  Kirke (D:14)
  Maud (D:14)
  An orc warlord (Orc:2)
  Azrael (D:15)
  A dire elephant (Lair:8)
  A great orb of eyes (D:15)
  A minotaur (Lab)
  A fire dragon (D:15)
  An entropy weaver (Depths:1)
  A rakshasa (D:14)
  An ice dragon (D:15)
  A ghost crab (Swamp:1)
  The ghost of ZiggyStardust the Ogre Mage, a novice OgWz of the Shining One (D:10)
  Erolcha (D:9)
  12 hydras
  A centaur warrior (Depths:1)
  Erica (D:9)
  A catoblepas (Lair:8)
  3 ogre magi
  20 death yaks
  2 tengu warriors (D:13)
  A hell hog (shapeshifter) (D:15)
  A spriggan (Swamp:1)
  A deep troll shaman (Lair:8)
  Sonja (D:13)
  3 orc high priests (Orc:2)
  3 unseen horrors
  A giant orange brain (D:15)
  A shambling mangrove (Swamp:1)
  8 orc knights
  The ghost of P0WERM0DE the Sneak, a novice DsFE of Okawaru (Bailey)
  A lindwurm (Lair:8)
  4 hill giants
  5 deep elf magi
  2 cyclopes
  A manticore (D:15)
  6 orc sorcerers
  3 griffons
  9 elephants
  15 ugly things
  Maurice (D:8)
  A gargoyle (D:11)
  2 black mambas
  4 centaur skeletons
  13 spiny frogs
  7 kobold demonologists
  7 komodo dragons
  A fire drake (Lair:6)
  2 efreet
  6 two-headed ogres
  A giant leech (Swamp:1)
  11 slime creatures
  6 trolls
  A queen bee (D:11)
  2 polar bears
  A boulder beetle (Lair:7)
  8 blink frogs
  A trapdoor spider (D:14)
  5 wyverns
  2 fire elementals (D:15)
  47 yaks
  A tarantella (Lair:6)
  3 basilisks
  9 hippogriffs
  The ghost of Proton the Shield-Bearer, an amateur FoFi (D:5)
  7 vampire mosquitoes (Lair:3)
  A steam dragon (shapeshifter) (D:15)
  11 wolves
  4 hungry ghosts
  2 wargs
  Edmund (D:6)
  Menkaure (D:4)
  5 hell hounds
  3 swamp worms (Swamp:1)
  29 water moccasins
  3 phantoms
  5 black bears
  13 ice beasts
  39 orc warriors
  15 porcupines
  13 ogres
  A wasp (Swamp:1)
  2 swamp drakes (Swamp:1)
  2 eyes of draining
  A sky beast (D:5)
  11 crocodiles
  A centaur (shapeshifter) (D:15)
  3 centaurs
  21 giant frogs
  6 big kobolds
  An earth elemental (Lab)
  A wyvern skeleton (D:13)
  5 scorpions
  3 wights (D:8)
  32 killer bees
  3 lava snakes
  9 crimson imps
  7 iguanas
  4 centaur zombies
  8 jellies
  11 orc priests
  A giant frog zombie (D:6)
  2 hounds
  12 worker ants
  Jessica (D:2)
  2 giant frog skeletons
  19 orc wizards
  16 sheep
  2 hound skeletons
  8 gnolls
  12 adders
  76 river rats
  5 shadow imps
  An ooze (D:2)
  2 adder skeletons (D:4)
  6 worms
  123 orcs
  5 bats
  5 giant cockroaches
  10 goblins
  6 hobgoblins
  4 quokkas
  3 ball pythons
  A ball python skeleton (D:4)
  4 giant geckos
  2 giant gecko zombies
  5 giant newts
  2 jackals (D:5)
  A jackal zombie (D:8)
  29 kobolds
  2 quokka skeletons
  A quokka zombie (D:8)
  10 rats
  A fire vortex (D:15)
  3 fungi
  A plant (D:10)
932 creatures vanquished.

Vanquished Creatures (others)
  A two-headed ogre (D:14)
  4 humans (D:14)
  5 centaurs
  A giant frog (D:15)
  A jelly (D:13)
  A shadow imp (D:14)
  2 orcs
  A kobold (D:15)
  A demonic plant (D:11)
  15 fungi
  2 plants (Lair:8)
34 creatures vanquished.

Grand Total: 966 creatures vanquished

Notes
Turn   | Place    | Note
--------------------------------------------------------------
     0 | D:1      | Proton the Formicid Fighter began the quest for the Orb.
     0 | D:1      | Reached XP level 1. HP: 18/18 MP: 1/1
   132 | D:1      | Reached XP level 2. HP: 20/24 MP: 2/2
   246 | D:1      | Reached skill level 4 in Shields
   306 | D:1      | Reached XP level 3. HP: 24/29 MP: 3/3
   618 | D:2      | Noticed Jessica
   629 | D:2      | Killed Jessica
   629 | D:2      | Reached skill level 1 in Dodging
   629 | D:2      | Reached XP level 4. HP: 35/37 MP: 4/4
   713 | D:2      | Found an iron altar of Okawaru.
   726 | D:2      | Became a worshipper of Warmaster Okawaru
   864 | D:2      | Found a deep blue altar of Sif Muna.
   864 | D:2      | Found a radiant altar of Vehumet.
   865 | D:2      | Found a glowing golden altar of the Shining One.
   866 | D:2      | Found a shimmering altar of Xom.
   866 | D:2      | Found a basalt altar of Yredelemnul.
   933 | D:2      | Reached skill level 1 in Invocations
  1147 | D:2      | Reached XP level 5. HP: 24/42 MP: 5/5
  1631 | D:3      | Found a sacrificial altar of Ru.
  2411 | D:4      | Noticed an ogre
  2535 | D:4      | Reached XP level 6. HP: 48/48 MP: 7/7
  2554 | D:4      | Reached * piety under Okawaru
  2554 | D:4      | Reached skill level 5 in Shields
  2808 | D:4      | Noticed Menkaure
  3714 | D:4      | Reached XP level 7. HP: 50/55 MP: 8/8
  4073 | D:4      | Reached skill level 5 in Armour
  4165 | D:4      | Found Janib's Distillery.
  4173 | D:4      | Bought a potion of curing for 33 gold pieces
  4173 | D:4      | Bought a potion of heal wounds for 55 gold pieces
  4202 | D:4      | Killed Menkaure
  4202 | D:4      | Reached skill level 5 in Fighting
  4202 | D:4      | Reached XP level 8. HP: 60/62 MP: 7/10
  4287 | D:5      | Entered Level 5 of the Dungeon
  4287 | D:5      | Noticed Proton's ghost (amateur FoFi)
  4429 | D:5      | Found a staircase to the Ecumenical Temple.
  4435 | Temple   | Entered the Ecumenical Temple
  4994 | D:6      | Reached ** piety under Okawaru
  5011 | D:6      | Reached skill level 6 in Shields
  5265 | D:6      | Found a bloodstained altar of Trog.
  5334 | D:6      | Noticed Edmund
  5377 | D:6      | You fall through a shaft for 3 floors!
  5778 | D:8      | Reached XP level 9. HP: 29/69 MP: 12/12
  5999 | D:8      | Noticed Maurice
  6001 | D:8      | Found an iron altar of Okawaru.
  6002 | D:8      | Found a stormy altar of Qazlal.
  6002 | D:8      | Found a shattered altar of Ashenzari.
  6033 | D:8      | Killed Maurice
  6033 | D:8      | Reached skill level 5 in Invocations
  6067 | D:8      | Found a glowing silver altar of Zin.
  6357 | D:6      | Reached *** piety under Okawaru
  6423 | D:6      | Killed Edmund
  6423 | D:6      | Reached skill level 5 in Long Blades
  6423 | D:6      | Reached skill level 7 in Shields
  7060 | D:5      | Killed Proton's ghost
  7637 | D:7      | Reached XP level 10. HP: 69/79 MP: 14/14
  8101 | D:7      | You fall through a shaft!
  8861 | D:8      | Found an oddly glowing altar of Pakellas.
  8927 | D:8      | Reached **** piety under Okawaru
  9559 | D:9      | Noticed Erolcha
  9571 | D:10     | Entered Level 10 of the Dungeon
  9571 | D:10     | Noticed a hill giant
  9695 | D:9      | Killed Erolcha
  9695 | D:9      | Reached skill level 5 in Dodging
  9695 | D:9      | Reached skill level 8 in Shields
  9699 | D:9      | Noticed Erica
  9722 | D:9      | Killed Erica
  9875 | D:9      | Reached ***** piety under Okawaru
  9995 | D:8      | Reached XP level 11. HP: 17/86 MP: 13/16
 10662 | D:10     | Noticed ZiggyStardust's ghost (novice OgWz)
 10719 | D:10     | Noticed a hill giant
 10730 | D:10     | Killed a hill giant
 10730 | D:10     | Reached skill level 9 in Shields
 10800 | D:10     | Killed a hill giant
 10808 | D:10     | Received a gift from Okawaru
 10880 | D:10     | Killed ZiggyStardust's ghost
 11163 | D:10     | Found a staircase to the Lair.
 11745 | D:11     | Found a corrupted altar of Lugonu.
 11827 | D:11     | Noticed a five-headed hydra
 11841 | D:11     | Killed a two-headed hydra
 11891 | D:11     | Noticed a deep elf mage
 12248 | D:11     | Reached XP level 12. HP: 95/95 MP: 18/18
 12569 | D:11     | Received a gift from Okawaru
 13116 | D:12     | Reached skill level 10 in Shields
 13117 | D:12     | Found a sparkling altar of Nemelex Xobeh.
 14208 | D:12     | Noticed a four-headed hydra
 14214 | D:12     | Killed a one-headed hydra
 14354 | D:12     | Found a staircase to the Orcish Mines.
 14488 | D:12     | Reached skill level 10 in Fighting
 14677 | D:12     | Found an oddly glowing altar of Pakellas.
 14893 | D:13     | Noticed a tengu warrior
 14895 | D:13     | Noticed a tengu warrior
 14908 | D:13     | Killed a tengu warrior
 14908 | D:13     | Received a gift from Okawaru
 14908 | D:13     | Reached XP level 13. HP: 103/103 MP: 13/20
 14970 | D:13     | Noticed Sonja
 15008 | D:13     | Reached skill level 10 in Armour
 15051 | D:13     | Found a flagged portal.
 15067 | Bailey   | Entered a bailey
 15067 | Bailey   | Noticed P0WERM0DE's ghost (novice DsFE)
 15091 | Bailey   | Killed P0WERM0DE's ghost
 15583 | Bailey   | Reached skill level 11 in Shields
 16039 | D:13     | Reached skill level 10 in Long Blades
 16537 | D:13     | Killed Sonja
 17065 | D:13     | Found a gate to the Vaults.
 17412 | D:14     | Noticed Kirke
 17425 | D:14     | Killed Kirke
 17425 | D:14     | Received a gift from Okawaru
 17473 | D:14     | Found Fileusaamp's Antique Armour Boutique.
 17481 | D:14     | Bought a glowing plate armour for 529 gold pieces
 17533 | D:14     | Gained mutation: You are dopey. (Int -2) [mutagenic meat]
 17534 | D:14     | Gained mutation: You expend magic power (3 MP) to strengthen your wands. [mutagenic meat]
 17657 | D:14     | Noticed Maud
 17665 | D:14     | Killed Maud
 17665 | D:14     | Reached XP level 14. HP: 108/113 MP: 13/21
 18138 | D:14     | Identified a scroll of acquirement
 18220 | D:14     | Noticed Rupert
 18238 | D:14     | Killed Rupert
 18571 | D:15     | Entered Level 15 of the Dungeon
 18578 | D:15     | Reached skill level 12 in Shields
 18624 | D:15     | HP: 1/113 [ice dragon/blast of cold (51)]
 19078 | Lair:1   | Entered Level 1 of the Lair of Beasts
 20577 | Lair:3   | Received a gift from Okawaru
 20601 | Lair:3   | Found a staircase to the Swamp.
 20968 | Lair:3   | Reached skill level 10 in Invocations
 22535 | Lair:5   | Reached XP level 15. HP: 81/120 MP: 22/22
 23048 | Lair:5   | Gained mutation: You are partially covered in rough black scales (AC +4, Dex -1). [potion of mutation]
 23048 | Lair:5   | Gained mutation: You are partially covered in icy blue scales (AC +1). [potion of mutation]
 23049 | Lair:5   | Gained mutation: You have large cloven feet. [potion of beneficial mutation]
 23250 | Lair:6   | Received a gift from Okawaru
 23262 | Lair:6   | Got a pair of crude gloves {god gift}
 23273 | Lair:6   | Identified the +2 pair of gloves of Lies {Str+2} (Okawaru gifted it to you on level 6 of the Lair of Beasts)
 23313 | Lair:6   | Found a hole to the Spider Nest.
 23345 | Lair:6   | Found a labyrinth entrance.
 23363 | Lab      | Entered a labyrinth
 23611 | Lab      | Found an exit through the horrors of the Abyss.
 23850 | Lab      | Got a smoking chain mail
 23854 | Lab      | Identified the Handbook of Flying Blows and Bruises
 23855 | Lab      | Got a brightly glowing robe
 23883 | Lab      | Identified the +2 robe of the Forsaken Seas {rPois Str+2} (You found it in a labyrinth)
 23893 | Lab      | Identified the cursed +0 chain mail of the Many Demons {rF+ Dex+4} (You took it off a minotaur in a labyrinth)
 24133 | Lair:6   | Found a staircase to the Slime Pits.
 24793 | Lair:7   | Reached skill level 13 in Shields
 25868 | Lair:8   | Entered Level 8 of the Lair of Beasts
 25879 | Lair:8   | Received a gift from Okawaru
 25990 | Lair:8   | Reached skill level 10 in Dodging
 25996 | Lair:8   | Reached ****** piety under Okawaru
 26319 | Lair:8   | Reached XP level 16. HP: 129/129 MP: 23/23
 26940 | Lair:8   | Received a gift from Okawaru
 26941 | Lair:8   | Got an ichor-stained short sword {god gift}
 26988 | Lair:8   | Identified the +2 short sword of Attainder {venom, MR+ MP+9 Dex+2} (Okawaru gifted it to you on level 8 of the Lair of Beasts)
 27676 | Orc:1    | Entered Level 1 of the Orcish Mines
 28210 | Orc:2    | Entered Level 2 of the Orcish Mines
 28537 | Orc:2    | Found Vienenul's Antique Weapon Boutique.
 28866 | Orc:2    | Found Cidek's General Store.
 28888 | Orc:2    | Found Ekaur's Assorted Antiques.
 28894 | Orc:2    | Reached skill level 14 in Long Blades
 29052 | Orc:2    | Found Seeh's Book Emporium.
 29182 | Orc:2    | Found Kaadol's Antique Armour Emporium.
 29281 | Orc:2    | Found a staircase to the Elven Halls.
 29727 | D:15     | Noticed Azrael
 29738 | D:15     | Killed Azrael
 29781 | D:15     | Gained mutation: Your flesh is cold resistant. [mutagenic meat]
 29782 | D:15     | Gained mutation: You are weak. (Str -2) [mutagenic meat]
 29784 | D:15     | Gained mutation: You are mostly covered in icy blue scales (AC +3, EV -1). [mutagenic meat]
 29853 | D:15     | Gained mutation: You possess an exceptional clarity of mind. [mutagenic meat]
 29966 | D:15     | Found a staircase to the Depths.
 30125 | D:15     | Received a gift from Okawaru
 30125 | D:15     | Reached XP level 17. HP: 137/137 MP: 24/24
 30268 | D:15     | Lost mutation: Your flesh is cold resistant. [mutagenic meat]
 30269 | D:15     | Lost mutation: You are dopey. (Int -2) [mutagenic meat]
 30270 | D:15     | Gained mutation: You have hoof-like feet. [mutagenic meat]
 30271 | D:15     | Gained mutation: Armour fits poorly on your strangely shaped body. [mutagenic meat]
 30274 | D:15     | Gained mutation: Your spells are a little easier to cast, but a little less powerful. [mutagenic meat]
 30275 | D:15     | Lost mutation: Your spells are a little easier to cast, but a little less powerful. [mutagenic meat]
 30276 | D:15     | Gained mutation: You are very weak. (Str -4) [mutagenic meat]
 30278 | D:15     | Gained mutation: Your spells are a little easier to cast, but a little less powerful. [mutagenic meat]
 30280 | D:15     | Gained mutation: You evolve. [mutagenic meat]
 30282 | D:15     | Lost mutation: You possess an exceptional clarity of mind. [mutagenic meat]
 30590 | Depths:1 | Entered Level 1 of the Depths
 30590 | Depths:1 | Found a gateway to Hell.
 31036 | Swamp:1  | Entered Level 1 of the Swamp
 31196 | Swamp:1  | Found a bloodstained altar of Trog.
 31752 | Swamp:1  | Slain by a swamp worm

Vault maps used:
D:1:      minmay_arrival_cross
D:2:      grunt_temple_overflow_open, first_bread, okawaru_ov_weapons_minmay,
          uniq_jessica
D:3:      minmay_door_path, overflow_temple_1_default
D:4:      serial_shops, kennysheep_mini, grunt_decor_one_mirror,
          minmay_hedge_maze, minmay_item_behind_shaft, uniq_menkaure
D:5:      minmay_temple_entry_hall
D:6:      overflow_temple_1_default, uniq_edmund
D:8:      statuecave_lemuel, lemuel_round_altar,
          nicolae_overflow_quartered_altars, serial_undead, serial_undead_b,
          serial_undead_f, serial_undead_a, serial_undead_c, uniq_maurice
D:9:      uniq_erolcha, uniq_erica
D:10:     dpeg_oklobed_lair
D:11:     kennysheep_kobold_lugonu_temple, portal_ice_cave_entry_ice_beasts,
          david_nohive_1
D:12:     orc_0_dummy, basic_altar, nicolae_benzene_ring,
          johnstein_pakellas_death_squad
D:13:     david_vaults_2, enter_bailey_3, uniq_sonja
D:14:     minmay_staircase_statues, serial_shops, nicolae_shop_crystal,
          uniq_maud, uniq_rupert, uniq_kirke
D:15:     gammafunk_enter_depths_forms, serial_glass, glass_columns_a,
          glass_columns_a, glass_columns_b, glass_columns_a,
          kennysheep_crisscross, minmay_unpleasant_kobolds, uniq_azrael
Temple:   minmay_temple_bridge_c_8
Lair:1:   minivault_24, lemuel_fruit_tree, grunt_megastairs_1
Lair:2:   disabler_island
Lair:3:   minmay_swamp_entry_swarm
Lair:4:   serial_bayou_shore_b
Lair:5:   st_stairs_8
Lair:6:   spider_nest_entry_rubble, minmay_slime_entry_pillars,
          lab_entry_generic, cheibrodos_lair_reptile_den, grunt_megastairs_4,
          infiniplex_staircase_pool, lemuel_fruit_fields
Lair:7:   minmay_holes, grunt_megastairs_2
Lair:8:   grunt_lair_end_beastmaster, minmay_stone_trees_small, st_stairs_12,
          patterned_corridor
Swamp:1:  basic_altar
Orc:2:    grunt_orc_gardens, grunt_orc_garden, grunt_orc_garden,
          grunt_orc_garden, grunt_orc_garden, serial_shops, shop_statue
Depths:1: abyss_entry_flame_altar, minmay_misc_feat_alley, serial_shops,
          kennysheep_mini_moat, hell_entry, st_stairs_11,
          kennysheep_generic_room_2, grunt_megastairs_3
Lab:      labyrinth_mini_lab, labyrinth_fake_exit, nicolae_lab_x,
          nicolae_lab_grate_2, lab_fountain, nicolae_lab_statue,
          nicolae_lab_plus, labyrinth_skeletal_remains, nicolae_lab_arrow,
          nicolae_lab_dead_end
Bailey:   bailey_polearm_5, bailey

Action                   |  1- 3 |  4- 6 |  7- 9 | 10-12 | 13-15 | 16-18 || total
-------------------------+-------+-------+-------+-------+-------+-------++-------
Melee: Long sword        |    71 |   215 |   427 |    74 |       |       ||   787
       Unarmed           |       |       |    19 |       |       |       ||    19
       Falchion          |       |       |       |   177 |       |       ||   177
       Scimitar          |       |       |       |   475 |    38 |    18 ||   531
       Triple sword      |       |       |       |   266 |  1126 |   687 ||  2079
Invok: Heroism           |       |       |     4 |     8 |    14 |     3 ||    29
       Finesse           |       |       |       |     1 |     6 |     2 ||     9
 Abil: Dig               |       |     2 |     3 |     2 |     6 |     1 ||    14
       Shaft Self        |       |       |     1 |     1 |       |       ||     2
  Use: Potion            |       |       |     1 |       |     6 |       ||     7
       Scroll            |       |       |     8 |     4 |    25 |     5 ||    42
  Eat: Chunk             |       |    10 |    13 |    22 |    25 |    35 ||   105
       Beef jerky        |       |       |     1 |     1 |       |       ||     2
       Pizza             |       |       |       |     3 |       |       ||     3
       Bread ration      |       |       |       |     5 |     4 |     1 ||    10
       Fruit             |       |       |       |     1 |     2 |       ||     3
       Royal jelly       |       |       |       |       |       |     1 ||     1
